 Dungeon Crawl Stone Soup version 0.27.1-4-g1640c2035a (webtiles) character file.

Game seed: 7895030461880586093

4 ABBCCCDDDD the Sneak (level 1, -4/20 HPs)
             Began as a Hill Orc Delver on Nov 2, 2021.
             Shot with an arrow by a centaur (9 damage)
             ... on level 5 of the Dungeon.
             The game lasted 00:00:28 (97 turns).

ABBCCCDDDD the Sneak (Hill Orc Delver)                Turns: 97, Time: 00:00:29

Health: -4/20      AC:  3    Str: 14    XL:     1   Next: 60%
Magic:  1/1        EV: 11    Int: 10    God:
Gold:   25         SH:  0    Dex: 12    Spells: 0/0 levels left

rFire    . . .     SeeInvis .   a - +0 hand axe
rCold    . . .     Faith    .   (no shield)
rNeg     . . .     Spirit   .   b - +0 leather armour
rPois    .         Reflect  .   (no helmet)
rElec    .         Harm     .   (no cloak)
rCorr    .         Rampage  .   (no gloves)
Will     .....                  (no boots)
Stlth    ++........             (no amulet)
HPRegen  0.06/turn              (no ring)
MPRegen  0.07/turn              (no ring)

@: no status effects
A: no striking features
a: no special abilities


You were on level 5 of the Dungeon.
You visited 1 branch of the dungeon, and saw 1 of its levels.

You collected 25 gold pieces.

Inventory:

Hand Weapons
 a - a +0 hand axe (weapon)
Armour
 b - a +0 leather armour (worn)
Wands
 g - a wand of digging (3)
Scrolls
 c - a scroll of fog
 d - a scroll of magic mapping
 e - 2 scrolls of fear
 h - a scroll of blinking {unknown}
 i - a scroll of identify {unknown}
Potions
 f - a potion of haste


   Skills:
 + Level 3.7 Fighting
 * Level 3.0 Axes
 + Level 0.3 Armour
 - Level 1.5 Dodging
 - Level 4.1 Stealth


You couldn't memorise any spells.
You didn't know any spells.
Your spell library was empty.

Dungeon Overview and Level Annotations

Branches:
Dungeon (5/15)
 Temple: D:4-7

Altars:


Message History

The jackal bites you but does no damage.
The jackal bites you.
You slash the jackal!
You kill the jackal!
The quokka bites you but does no damage.
You barely miss the quokka. The quokka barely misses you.
You closely miss the quokka. The quokka bites you. x2
You hit the quokka.
You kill the quokka!
The jackal closely misses you.
Your leather armour prevents you from hitting the jackal.
The jackal bites you but does no damage.
You barely miss the jackal. The jackal bites you.
The jackal bites you but does no damage.
You closely miss the jackal. The jackal barely misses you.
The jackal bites you but does no damage.
You hit the jackal.
The jackal is heavily wounded.
The jackal barely misses you.
You hit the jackal.
You kill the jackal!
Your Axes skill increases to level 3!
You see here a quokka corpse.
You start resting.
An adder comes into view.
The adder moves out of view.
You start resting.
An adder is nearby!
You see here a +0 dagger.
You start resting.
A steam dragon comes into view.
A centaur comes into view.
The centaur shouts!
The centaur wields a +0 shortbow.
The centaur shoots an arrow.
The arrow hits you.
The centaur shoots an arrow.
The arrow hits you.
* * * LOW HITPOINT WARNING * * *
An adder is nearby!
The centaur shoots an arrow.
The arrow hits you!
You die...

####.#... #....... #.....#.
##......## #####.....c..#
#....#.......##
#....#........#.. ..
#....#####....#.. ....
#........@....#.##+....
#......)......#........
#.............#........
#.............#........
.......#.................
.......#.................
......##..).S....>..........
......##....................
............................


You could see a centaur and an adder (wandering).

Levels and vault maps discovered:
D:5:      layout_basic, lightli_temple_of_fire, kennysheep_decorative_pillar,
          minmay_chambers_of_fives

Notes
Turn   | Place    | Note
-------+----------+-------------------------------------------
     0 | D:5      | ABBCCCDDDD the Hill Orc Delver began the quest for the Orb.
     0 | D:5      | Reached XP level 1. HP: 19/19 MP: 1/1
    88 | D:5      | Noticed a steam dragon
    93 | D:5      | Noticed a centaur
    97 | D:5      | Shot with an arrow by a centaur

Table legend: (Time is in decaauts)
 A = Elapsed time spent in this place.
 B = Non-inter-level travel time spent in this place.
 C = Inter-level travel time spent in this place.
 D = Time resting spent in this place.
 E = Time spent auto-exploring this place.
 F = Levels seen in this place.
 G = Mean time per level.
                   A        B        C        D        E       F      G
               +--------+--------+--------+--------+--------+-----+--------+
         Total |     98 |     98 |      0 |     45 |      7 |   1 |   98.0 |
       Dungeon |     98 |     98 |      0 |     45 |      7 |   1 |   98.0 |
               +--------+--------+--------+--------+--------+-----+--------+

Top non-repeatable levels by time:
     D:5: 98 daAuts

Table legend:
 A = Kills in this place as a percentage of kills in entire the game.
 B = Kills by you in this place as a percentage of kills by you in the entire game.
 C = Kills by friends in this place as a percentage of kills by friends in the entire game.
 D = Other kills in this place as a percentage of other kills in the entire game.
 E = Experience gained in this place as a percentage of experience gained in the entire game.
 F = Experience gained in this place divided by the number of levels of this place that you have seen.
                   A       B       C       D       E      F
               +-------+-------+-------+-------+-------+----------------------
         Total | 100.0 | 100.0 |   N/A |   N/A | 100.0 |   6.0
       Dungeon | 100.0 | 100.0 |   N/A |   N/A | 100.0 |   6.0
               +-------+-------+-------+-------+-------+----------------------

Action                   || total
-------------------------++-------
Melee: Hand axe          ||     9
Armor: Leather armour    ||     5
Dodge: Dodged            ||     4

Vanquished Creatures
  2 jackals (D:5)
  A quokka (D:5)
3 creatures vanquished.
